 Dungeon Sprint DCSS version 0.19.4-10-g532645f (webtiles) character file.

29 equalderp2856 the Scratcher (level 3, 0/18 HPs)
             Began as a Felid Fighter on Feb 23, 2017.
             Was an Initiate of Gozag.
             Succumbed to a water moccasin's poison
             ... while paralysed
             ... in the Dungeon (Sprint VII: "The Pits").
             The game lasted 00:01:06 (190 turns).

equalderp2856 the Scratcher (Felid Fighter)          Turns: 190, Time: 00:01:06

Health: 0/18       AC:  1    Str: 18    XL:     3   Next: 1%
Magic:  4/4        EV:  4    Int:  9    God:    Gozag
Gold:   63         SH:  0    Dex: 15    Spells: 0 memorised, 2 levels left
                                        Lives:  0   Deaths: 0

rFire  + . .     SeeInvis +       - Unarmed
rCold  + . .     Gourm    .     (armour unavailable)
rNeg   . . .     Faith    .     (shield unavailable)
rPois  +         Spirit   .     (helmet unavailable)
rElec  +         Reflect  .     (cloak unavailable)
rCorr  +         Harm     .     (gloves unavailable)
MR     .....     NoTele   +     (boots unavailable)
Stlth  ++........               (no amulet)
                                (no ring)
                                (no ring)

@: paralysed, mighty, lethally poisoned (0 -> -14), exhausted, resistant, gold
aura, very slightly contaminated, hasted and slowed, quick
A: no armour, no weapons or thrown items, stealth, claws 1, fangs 3, see
invisible, carnivore 3, speed 1, shaggy fur 1, slow metabolism 1, sharp paws
a: Potion Petition, Call Merchant, Bribe Branch, Renounce Religion


You were in the Dungeon.
You worshipped Gozag.
Gozag was noncommittal.
You were not hungry.

You visited 1 branch You collected 63 gold pieces.

Inventory:

Scrolls
 h - a scroll of blinking
 i - 3 scrolls of remove curse
 j - 5 scrolls of amnesia
 k - a scroll of summoning
Potions
 a - a potion of might
 d - 2 potions of invisibility
 e - a potion of haste
 f - 4 potions of magic
 g - 3 potions of berserk rage
Comestibles
 b - 8 meat rations


   Skills:
 + Level 3.9 Fighting
 + Level 5.5 Dodging
 + Level 1.7 Stealth
 + Level 5.9 Unarmed Combat


You had 2 spell levels left.
You didn't know any spells.

Dungeon Overview and Level Annotations

Branches:
Dungeon (1/1)

Altars:
Ashenzari
Cheibriados
Dithmenos
Elyvilon
Fedhas
Gozag
Hepliaklqana
Kikubaaqudgha
Makhleb
Nemelex Xobeh
Okawaru
Qazlal
Ru
Sif Muna
Trog
Uskayaw
Vehumet
Xom
Yredelemnul
Zin
The Shining One
Beogh
Jiyva
Lugonu


Innate Abilities, Weirdness & Mutations

You cannot wear armour.
You are incapable of wielding weapons or throwing items.
Your paws allow you to move quietly. (Stealth)
You have sharp claws.
You have razor-sharp teeth.
You have supernaturally acute eyesight. (SInv)
You are carnivorous and can eat meat at any time.
You cover ground quickly.
You are covered in fur. (AC +1)
You have a slow metabolism.
Your sharp claws are effective at attacking unaware monsters.


Message History

You feel a strong urge to attack something.
The door flies open with a bang!
You hear an angry hiss. x2; You hear a shout!
You feel your anger subside.
A frilled lizard, a water moccasin, a gnoll and a zombie come into view.
You are no longer berserk.
You pass out from exhaustion.
You feel yourself slow down.
The frilled lizard hisses angrily.
The water moccasin hisses angrily.
The gnoll shouts!
The gnoll is distracted by your gold. The water moccasin closely misses you.
The adder zombie bites you. The water moccasin bites you.
You are lethally poisoned!
The water moccasin poisons you!
You feel sick. The adder zombie bites you.
* * * LOW HITPOINT WARNING * * *
The water moccasin bites you.
* * * LOW HITPOINT WARNING * * *
You die...
Your body crumbles into a pile of gold.

##########.##..........
#...........'..........
#+#####'#####......#..#
#..)..# #..........
#.....# ####'#####+
###$### #.......#
#...).# #.......#
#.....# #.......#
####@## #...<...#
#..ZlS...##.......#
#.......g##.......#
###########.......#
#########


You could see a water moccasin, a gnoll (unaware), an adder zombie and a frilled
lizard.

Vanquished Creatures
  A gnoll (D)
  An adder (D)
  An ufetubus (D)
  2 orcs (D)
5 creatures vanquished.

Notes
Turn   | Place    | Note
-------+----------+-------------------------------------------
     0 | D        | equalderp2856 the Felid Fighter began the quest for the Orb.
     0 | D        | Reached XP level 1. HP: 10/10 MP: 2/2
    26 | D        | Reached skill level 1 in Stealth
    26 | D        | Reached skill level 5 in Unarmed Combat
    26 | D        | Reached XP level 2. HP: 14/14 MP: 3/3
    30 | D        | Reached skill level 5 in Dodging
   145 | D        | Found a radiant altar of Vehumet.
   145 | D        | Found a hide-covered altar of Uskayaw.
   145 | D        | Found an ancient bone altar of Kikubaaqudgha.
   145 | D        | Found a viscous altar of Jiyva.
   145 | D        | Found a hazy altar of Hepliaklqana.
   146 | D        | Found a bloodstained altar of Trog.
   146 | D        | Found a deep blue altar of Sif Muna.
   146 | D        | Found a sacrificial altar of Ru.
   146 | D        | Found a stormy altar of Qazlal.
   146 | D        | Found an iron altar of Okawaru.
   146 | D        | Found a sparkling altar of Nemelex Xobeh.
   146 | D        | Found an opulent altar of Gozag.
   146 | D        | Found a blossoming altar of Fedhas.
   146 | D        | Found a white marble altar of Elyvilon.
   146 | D        | Found a shadowy altar of Dithmenos.
   146 | D        | Found a snail-covered altar of Cheibriados.
   147 | D        | Found a glowing golden altar of the Shining One.
   147 | D        | Found a glowing silver altar of Zin.
   148 | D        | Found a burning altar of Makhleb.
   148 | D        | Found a basalt altar of Yredelemnul.
   148 | D        | Found a roughly hewn altar of Beogh.
   149 | D        | Found a corrupted altar of Lugonu.
   149 | D        | Found a shimmering altar of Xom.
   149 | D        | Found a shattered altar of Ashenzari.
   152 | D        | Became a worshipper of Gozag Ym Sagoz the Greedy
   181 | D        | Reached XP level 3. HP: 18/18 MP: 4/4
   186 | D        | Noticed a water moccasin
   190 | D        | Succumbed to a water moccasin's poison

Skill      XL: |  1  2 |
---------------+-------+-----
Stealth        | 1 |  1.7
Unarmed Combat | 5 |  5.9
Dodging        | 5 |  5.5
Fighting       | |  3.9

Action                   || total
-------------------------++-------
Melee: Unarmed           ||    14
       Bite              ||     1
Invok: Potion Petition   ||     1
  Use: Potion            ||     2
 Stab: Sleeping          ||     1
  Eat: Chunk             ||     1
Armor: Skin              ||     1
Dodge: Dodged            ||    27
